cohdb
Replays
Latest Replays
All Replays
Popular Replays
Top Player Replays
Match Explorer
How It Works
Community
CoH3 Stats
Reddit
Sign in to upload your games and track your stats! →
Sign in with Steam
Match 45400029
Unlisted
Match 45400029
Overview
Messages
Build Orders
End
Construct Section Command Post
Selects Air and Sea Battlegroup
Dingo Light Scout Car
Infantry Section
Infantry Section
Grenade Package
Infantry Section
Construct Platoon Command Post
Selects Commando Section Paradrop
Humber Armored Car
CMP 15cwt Truck
6-pounder Anti-tank Gun Team
Selects Supply Surplus
Construct Resource Cache
Selects M1 Pack Howitzer Paradrop
∫ u dv = uv - ∫ v du
Vivian
Newbie_19
中二青年
Easy Noodles
PanzerFoster
神奇香蕉
Husqvarna
0
0
Comments
sign in to comment!
No comments posted yet!